 Dungeon Crawl Stone Soup version 0.31.0-11-ge490571c62 (webtiles) character file.

Game seed: 1765966704586824276

198 Chiseanne the Changeling (level 5, 0/35 HPs)
             Began as an Octopode Shapeshifter on Feb 9, 2024.
             Slain by a gnoll
             ... wielding a +3 flail of protection
              (12 damage)
             ... on level 4 of the Dungeon.
             The game lasted 00:03:38 (2148 turns).

Chiseanne the Changeling (Octopode Shapeshifter)    Turns: 2148, Time: 00:03:39

Health: 0/35       AC:  1    Str: 13    XL:     5   Next: 77%
Magic:  5/5        EV: 14    Int: 13    God:
Gold:   214        SH:  0    Dex: 13    Spells: 4/4 levels left

rFire   . .          .
                       - Unarmed
rCold   . . .        (no shield)
rNeg    . . .        (helmet currently unavailable)
rPois   .            (no amulet)
rElec   .            (no ring)
rCorr   .            (no ring)
SInv    .            (no ring)
Will    .....        (no ring)
Stlth   +++          (no ring)
HPRegen 0.25/turn    (no ring)
MPRegen 0.09/turn    (no ring)
                     (no ring)

%: no passive effects
@: beast-form
A: beast (slay +2), almost no armour, amphibious, 8 rings, camouflage 1,
gelatinous body 1, (nimble swimmer 1), tentacles
a: Begin Untransformation


You were on level 4 of the Dungeon.
You were a hulking beast.
You visited 1 branch of the dungeon, and saw 4 of its levels.

You collected 214 gold pieces.

Inventory:

Missiles
 e - 44 stones (quivered)
 m - a throwing net
Magical Staves
 i - a staff of fire
Talismans
 b - a beast talisman (active)
 c - a flux talisman
 j - a beast talisman (active)
Scrolls
 d - a scroll of amnesia
 f - a scroll of identify
 g - 2 scrolls of teleportation
 k - a scroll of enchant weapon
Potions
 a - a potion of lignification
 h - a potion of ambrosia
 n - a potion of resistance
 q - a potion of cancellation


   Skills:
 * Level 2.7 Fighting
 * Level 3.3 Dodging
 * Level 3.6 Stealth
 - Level 3.0 Unarmed Combat
 * Level 3.8 Shapeshifting


You had 4 spell levels left.
You didn't know any spells.
Your spell library contained the following spells:

 Spells                   Type           Power      Damage    Failure   Level
 Magic Dart               Conj           0%         1d3       30%         1
 Blink                    Tloc           0%         N/A       43%         2
 Call Imp                 Summ           0%         N/A       43%         2
 Ensorcelled Hibernation  Hex/Ice        0%         N/A       43%         2
 Fugue of the Fallen      Necr           0%         N/A       67%         3
 Anguish                  Hex/Necr       0%         N/A       97%         4


Dungeon Overview and Level Annotations

Branches:
Dungeon (4/15)
 Temple: D:4-7

Altars:
The Shining One

Shops:
D:3 !

Annotations:
D:4 Eustachio


Innate Abilities, Weirdness & Mutations

You are a hulking beast.
Your limbs bulge with bestial killing power. (Slay +2)
You cannot wear most types of armour.
You are amphibious.
You can wear up to eight rings at the same time.
Your skin changes colour to match your surroundings (Stealth+).
Your rubbery body absorbs attacks. (AC +1, EV +1)
((You are camouflaged when in or above water. (Stealth+)))
You have tentacles for arms and can constrict up to eight enemies at once.


Message History

A gnoll comes into view.
It is wielding a +3 flail of protection.
The hound bites you.
You tentacle-slap the hound but do no damage.
You grab the hound.
The hound is lightly wounded.
You constrict the hound. The hound bites you.
You tentacle-slap the hound.
The hound is heavily wounded.
You constrict the hound. The hound closely misses you.
The hound barely misses you.
You bludgeon the hound!
You kill the hound!
You completely miss the gnoll. Your grab misses the gnoll.
The gnoll hits you with a +0 whip.
You bludgeon the gnoll! You grab the gnoll. You squeeze the gnoll.
You kill the gnoll!
The gnoll hits you with a +3 flail of protection!
The gnoll hits you with a +3 flail of protection!
* * * LOW HITPOINT WARNING * * *
Things that are here:
a +0 whip; a gnoll corpse You tentacle-slap the gnoll but do no damage.
Your grab misses the gnoll.
The gnoll hits you with a +3 flail of protection.
* * * LOW HITPOINT WARNING * * *
You feel much better. The gnoll closely misses you.
You barely miss the gnoll. You grab the gnoll.
You constrict the gnoll, but do no damage.
The gnoll hits you with a +3 flail of protection!
You tentacle-slap the gnoll but do no damage.
You squeeze the gnoll.
The gnoll is moderately wounded.
You constrict the gnoll, but do no damage.
A gnoll comes into view. It is wielding a +0 spear.
The gnoll misses you.
You tentacle-slap the gnoll but do no damage.
The gnoll is moderately wounded.
You constrict the gnoll.
The gnoll hits you with a +3 flail of protection!
You die...

#......#
##...#
#.###.##
...# #.#
#..# ...
#.# #.## ..
#.# #.## .
#.# #>.#
#.# ##.#
#.#
#.########
#.#
#....h...#
#.#
#....g##..#
#.# #.....#
.g. #.#
#.....# .
#.# #.....#
#.# #.....#
#.# #.....#
#.# #######
#.#


You could see 2 gnolls.

Vanquished Creatures
  A centaur (D:4)
  A hound (D:4)
  A gnoll (D:4)
  3 adders
  A ribbon worm (D:2)
  2 orcs (D:3)
  3 endoplasms (D:2)
  4 giant cockroaches
  9 goblins
  5 hobgoblins
  3 quokkas (D:2)
  7 ball pythons
  2 frilled lizards (D:1)
  6 kobolds
  4 rats (D:1)
52 creatures vanquished.

Notes
Turn   | Place    | Note
-------+----------+-------------------------------------------
     0 | D:1      | Chiseanne the Octopode Shapeshifter began the quest for the
                  | Orb.
     0 | D:1      | Reached XP level 1. HP: 13/13 MP: 1/1
    65 | D:1      | Reached skill level 1 in Stealth
    65 | D:1      | Reached XP level 2. HP: 18/18 MP: 2/2
   330 | D:1      | Found a faded altar of an unknown god.
   793 | D:2      | Reached XP level 3. HP: 17/24 MP: 3/3
  1206 | D:2      | Reached XP level 4. HP: 29/29 MP: 4/4
  1650 | D:3      | Found Liotenga's Distillery.
  1857 | D:3      | Found a glowing golden altar of the Shining One.
  2054 | D:4      | Noticed a centaur
  2059 | D:4      | Killed a centaur
  2060 | D:4      | Reached XP level 5. HP: 27/35 MP: 5/5
  2117 | D:4      | Noticed Eustachio
  2148 | D:4      | Slain by a gnoll

Illustrated notes

Levels and vault maps discovered:
D:1:      minmay_arrival_shoal_huts, layout_loops_cross,
          hellmonk_ecumenical_altar_crossroads
D:2:      layout_loops_cross
D:3:      layout_rooms, tso_metal_star, serial_shops, nicolae_shop_trees,
          minmay_goblin_kobold_house
D:4:      layout_basic, serial_curves, eino_curves_01, eino_curves_02,
          eino_curves_01, serial_shops, nicolae_shop_behind_doors, uniq_robin,
          uniq_eustachio

Skill      XL: |  1  2  3  4 |
---------------+-------------+-----
Stealth        | 1 2 3 |  3.6
Fighting       | 2 |  2.7
Dodging        | 3 |  3.3
Unarmed Combat | |  3.0
Shapeshifting  | |  3.8

Action                     |  1- 3 |  4- 6 || total
---------------------------+-------+-------++-------
  Melee: Unarmed           |    74 |    38 ||   112
         Constrict         |    17 |    13 ||    30
         Tentacles         |    12 |     7 ||    19
         Punch             |     3 |     2 ||     5
    Use: Scroll            |       |    11 ||    11
         Potion            |       |     1 ||     1
   Stab: Sleeping          |    10 |     8 ||    18
         Distracted        |     1 |       ||     1
 Armour: Skin              |    26 |    19 ||    45
  Dodge: Dodged            |    33 |    19 ||    52
   Form: Beast             |     1 |       ||     1
